 Dungeon Crawl Stone Soup version 0.29.1-15-g9cfb28693d (webtiles) character file.

Game seed: 4219712534868970433

3370 KreenWarrior the Trooper (level 9, -1/62 (73) HPs)
             Began as a Demonspawn Monk on Mar 21, 2023.
             Was an Initiate of Gozag.
             Shot with a sling bullet by Joseph (10 damage)
             ... on level 7 of the Dungeon.
             The game lasted 00:25:15 (9036 turns).

KreenWarrior the Trooper (Demonspawn Monk)          Turns: 9036, Time: 00:25:16

HP:   -1/62 (73)    AC:  6    Str: 12    XL:     9   Next: 73%
MP:   0/9           EV: 17    Int: 10    God:    Gozag
Gold: 616           SH:  0    Dex: 25    Spells: 8/8 levels left

rFire   + . .      SeeInvis .   q - +8 whip of Asekuloa {venom, Int-4 Dex+5}
rCold   . . .      Faith    .   (no shield)
rNeg    . . .      Spirit   +   M - +1 robe {Will+}
rPois   .          Reflect  .   (helmet restricted)
rElec   .          Harm     .   L - +1 cloak {Will+}
rCorr   .          Rampage  .   (no gloves)
Will    ++...                   o - +0 pair of boots
Stlth   ++++......              B - amulet of guardian spirit
HPRegen 0.20/turn               t - ring of flight
MPRegen 0.11/turn               E - ring of Ununikk {rF+ Int+3}

@: flying, studying Short Blades, heavily drained
A: horns 2, ignite blood 1
a: Renounce Religion, Potion Petition, Call Merchant, Bribe Branch


You were on level 7 of the Dungeon.
You worshipped Gozag.
Gozag was pleased with you.
You visited 1 branch of the dungeon, and saw 7 of its levels.
You also visited: Ossuary.

You collected 818 gold pieces.
You spent 202 gold pieces at shops.

Inventory:

Hand Weapons
 q - the +8 whip of Asekuloa (weapon) {venom, Int-4 Dex+5}
   (You found it on level 2 of the Dungeon)

   It poisons the flesh of those it strikes.
   Int:       It affects your intelligence (-4).
   Dex:       It affects your dexterity (+5).
 x - a +0 dagger of speed
Missiles
 c - 13 poisoned darts (quivered)
Armour
 a - a +0 robe
 l - an orb of mayhem
 o - a +0 pair of boots (worn)
 r - a +2 helmet
 L - a +1 cloak of willpower (worn)
 M - a +1 robe of willpower (worn)
Magical Staves
 u - a staff of poison
Jewellery
 t - a ring of flight (left hand)
 y - a ring of flight
 B - an amulet of guardian spirit (around neck)
 E - the ring of Ununikk (right hand) {rF+ Int+3}
   (You found it on level 4 of the Dungeon)

   [ring of protection from fire]

   Int:       It affects your intelligence (+3).
   rF:        It protects you from fire.
 O - a ring of protection from cold
Wands
 D - a wand of digging (2)
 G - a wand of flame (27)
 I - a wand of paralysis (6)
Scrolls
 f - a scroll of fog
 g - a scroll of noise {unknown}
 h - 3 scrolls of vulnerability
 j - 6 scrolls of teleportation
 n - a scroll of fear {unknown}
 p - a scroll of blinking {unknown}
 A - a scroll of poison {unknown}
 F - a scroll of enchant weapon {unknown}
 H - a scroll of enchant armour {unknown}
 K - a scroll of magic mapping {unknown}
Potions
 b - 2 potions of ambrosia
 d - 2 potions of berserk rage
 e - 3 potions of curing
 i - a potion of heal wounds
 k - 2 potions of invisibility
 m - 2 potions of flight
 s - a potion of cancellation
 v - a potion of magic
 w - a potion of haste
 z - a potion of resistance
 C - a potion of mutation {unknown}
 J - 3 potions of attraction {unknown}
 N - a potion of degeneration {unknown}


   Skills:
 * Level 7.7 Fighting
 + Level 7.1 Maces & Flails
 + Level 6.2 Dodging
 + Level 5.6 Stealth
 - Level 4.1 Unarmed Combat


You had 8 spell levels left.
You didn't know any spells.
Your spell library contained the following spells:

 Spells                   Type           Power      Damage    Failure   Level
 Tukima's Dance           Hex            0%         N/A       75%         3
 Passage of Golubria      Tloc           0%         N/A       98%         4
 Yara's Violent Unravell  Hex/Tmut       0%         3d3       100%        5


Dungeon Overview and Level Annotations

Branches:
Dungeon (7/15)             Temple (0/1) D:5         Ossuary (visited)

Altars:
Fedhas
Gozag
Ru
Trog

Shops:
D:5 [

Annotations:
D:7 Joseph


Innate Abilities, Weirdness & Mutations

You have a pair of horns on your head.
Your demonic aura sometimes causes spilled blood to erupt in flames.


Message History

Joseph is nearby!
Joseph is nearby!
Found a short sword.
Joseph unwields a +0 quarterstaff of draining.
Joseph wields a +0 sling.
Joseph shoots a sling bullet.
The sling bullet misses you.
Joseph unwields a +0 sling.
Joseph wields a +0 quarterstaff of draining.
You sense an unholy aura.
Joseph hits you with a +0 quarterstaff of draining!
You feel drained.
You hit Joseph.
Joseph is poisoned.
Your headbutt misses Joseph.
Joseph is lightly wounded.
Joseph hits you with a +0 quarterstaff of draining!
You feel drained.
You hit Joseph.
Joseph looks as sick as possible!
You headbutt Joseph. You punch Joseph, but do no damage.
Joseph is moderately wounded.
Joseph hits you with a +0 quarterstaff of draining.
You feel drained.
You hit Joseph but do no damage.
Joseph looks as sick as possible!
Joseph is moderately wounded.
Joseph completely misses you.
You hit Joseph.
Joseph is moderately wounded.
You hit Joseph. Your headbutt misses Joseph.
Joseph is heavily wounded.
Joseph hits you with a +0 quarterstaff of draining!
You feel drained.
You hit Joseph.
Joseph is heavily wounded.
Joseph hits you with a +0 quarterstaff of draining!
* * * LOW HITPOINT WARNING * * *
You feel drained.
* * * LOW HITPOINT WARNING * * *
Joseph unwields a +0 quarterstaff of draining.
Joseph wields a +0 sling.
Joseph shoots a sling bullet.
The sling bullet hits you!
You die...
Your body crumbles into a pile of gold.

#....# #.# ####....#
###### #.####
#.......###...).##....#
..########.......##...#
### #...........###
.#### #.........###
....## #.........#
###..# #.........#
##.####.......@.#
#.........>.○○.##
###.###.>.....@...#
..#.####..........#
........#.........#
.######...........# ##
..........# ##.^.....##
##....... $


You could see Joseph (extremely poisoned).

Vanquished Creatures
  An ugly thing (D:6)
  Sigmund (D:4)
  A vampire (D:6)
  A wraith (Ossuary)
  Eustachio (D:6)
  An acid dragon (D:6)
  An orc warrior (D:5)
  An ice beast (D:5)
  2 black bears
  An ogre (D:5)
  2 centaurs
  A phantom (D:6)
  An elf zombie (Ossuary)
  4 bullfrogs
  2 necrophages
  A scorpion (D:5)
  4 wights
  5 orc priests
  3 jellies
  5 hounds
  Ijyb (D:4)
  3 iguanas
  3 orc wizards
  3 mummies (Ossuary)
  10 gnolls
  7 adders
  2 worms
  4 dart slugs
  14 orcs
  5 ball pythons
  7 bats
  4 endoplasms
  6 giant cockroaches
  4 goblins
  5 hobgoblins
  4 jackals
  2 quokkas
  6 frilled lizards
  A goblin zombie (Ossuary)
  2 hobgoblin zombies (Ossuary)
  10 kobolds
  3 kobold zombies (Ossuary)
  12 rats
157 creatures vanquished.

Vanquished Creatures (others)
  A fungus (D:2)
1 creature vanquished.

Grand Total: 158 creatures vanquished

Notes
Turn   | Place    | Note
-------+----------+-------------------------------------------
     0 | D:1      | KreenWarrior the Demonspawn Monk began the quest for the
                  | Orb.
     0 | D:1      | Reached XP level 1. HP: 18/18 MP: 1/1
   240 | D:1      | Gained mutation: Your demonic aura sometimes causes spilled
                  | blood to erupt in flames. [demonic ancestry]
   240 | D:1      | Reached XP level 2. HP: 19/24 MP: 2/2
   940 | D:1      | Reached XP level 3. HP: 25/29 MP: 3/3
  1617 | D:2      | Identified the +8 whip of Asekuloa {venom, Int-4 Dex+5}
  1953 | D:2      | Found a faded altar of an unknown god.
  2300 | D:3      | Reached XP level 4. HP: 29/35 MP: 4/4
  2656 | D:3      | Reached XP level 5. HP: 35/41 MP: 5/5
  3431 | D:4      | Reached skill level 1 in Maces & Flails
  3738 | D:4      | Reached XP level 6. HP: 47/48 MP: 6/6
  3897 | D:4      | Found a sand-covered staircase.
  3903 | Ossuary  | Entered an ossuary
  3903 | Ossuary  | Noticed a wraith
  3903 | Ossuary  | Noticed a wraith
  3903 | Ossuary  | Noticed a wraith
  4196 | Ossuary  | Noticed a wraith
  4212 | Ossuary  | Killed a wraith
  4213 | Ossuary  | Reached XP level 7. HP: 44/55 MP: 7/7
  4506 | D:4      | Identified the ring of Ununikk {rF+ Int+3}
  4517 | D:4      | Found an opulent altar of Gozag.
  4526 | D:4      | Became a worshipper of Gozag Ym Sagoz the Greedy
  4561 | D:4      | Noticed Ijyb
  4569 | D:4      | Killed Ijyb
  4653 | D:4      | Noticed Sigmund
  4665 | D:4      | Killed Sigmund
  5061 | D:5      | Entered Level 5 of the Dungeon
  5433 | D:5      | Reached skill level 5 in Fighting
  5556 | D:5      | Gained mutation: You have a pair of small horns on your
                  | head. [demonic ancestry]
  5556 | D:5      | Reached XP level 8. HP: 62/62 MP: 8/8
  5776 | D:5      | Reached skill level 5 in Maces & Flails
  6317 | D:5      | Found Rakiz's Antique Armour Emporium.
  6326 | D:5      | Bought a runed cloak for 202 gold pieces
  6652 | D:5      | Found a staircase to the Ecumenical Temple.
  7031 | D:6      | Reached skill level 5 in Dodging
  7389 | D:5      | Reached skill level 5 in Stealth
  7625 | D:6      | Noticed Eustachio
  7640 | D:6      | Killed Eustachio
  7641 | D:6      | Gained mutation: You have a pair of horns on your head.
                  | [demonic ancestry]
  7641 | D:6      | Reached XP level 9. HP: 58/70 MP: 6/9
  7817 | D:6      | Noticed a red ugly thing
  7830 | D:6      | Killed a red ugly thing
  8313 | D:6      | Found a blossoming altar of Fedhas.
  8395 | D:6      | Found a bloodstained altar of Trog.
  8582 | D:6      | Found a sacrificial altar of Ru.
  9020 | D:7      | Noticed Joseph
  9036 | D:7      | Shot with a sling bullet by Joseph

Illustrated notes

Levels and vault maps discovered:
D:1:      minmay_arrival_checkered_box, layout_rooms
D:2:      layout_basic, dreamdust_ecumenical_altar_hidden_monk_grotto
D:3:      layout_loops_corners, chequers_serial_rivers_micro_d,
          chequers_serial_rivers_small_b
D:4:      layout_loops_ring, zin_academy, nicolae_overflow_crystal_walls,
          enter_ossuary_2, eino_small_chamber_without_monster, uniq_sigmund,
          uniq_ijyb
D:5:      layout_basic, minmay_temple_entry_metal_lava, serial_shops,
          nicolae_lakefront_shop, guppyfry_early_orc_mine
D:6:      layout_loops_ring, mainiacjoe_overflow_24_doors,
          nicolae_overflow_squiral, trog_three_pillars_becter,
          minmay_manual_moon, uniq_eustachio
D:7:      layout_rooms, uniq_joseph

Skill      XL: |  1  2  3  4  5  6  7  8  9 |
---------------+----------------------------+-----
Dodging        | 3 4 5 6 |  6.2
Unarmed Combat | 3 4 |  4.1
Stealth        | 2 3 4 5 |  5.6
Maces & Flails | 1 3 4 6 7 |  7.1
Fighting       | 4 5 6 7 |  7.7

Action                   |  1- 3 |  4- 6 |  7- 9 || total
-------------------------+-------+-------+-------++-------
Melee: Unarmed           |   155 |       |       ||   155
       Punch             |     3 |     2 |    10 ||    15
       Whip              |    11 |   113 |   233 ||   357
       Headbutt          |       |       |    42 ||    42
  Use: Potion            |     2 |     5 |     2 ||     9
       Scroll            |       |     1 |     8 ||     9
 Stab: Sleeping          |     4 |     9 |     8 ||    21
       Distracted        |       |     1 |     2 ||     3
Armor: Robe              |    31 |    22 |    37 ||    90
Dodge: Dodged            |   116 |    91 |   181 ||   388
